 Dungeon Crawl Stone Soup version 0.20.1-1-g8b1a95d (webtiles) character file.

7844 Reeggar the Slicer (level 11, -9/80 HPs)
             Began as a Demonspawn Artificer on Sept 28, 2017.
             Was an Elder of Makhleb.
             Mangled by a two-headed ogre
             ... wielding a +0 giant club
              (12 damage)
             ... on level 9 of the Dungeon on Oct 1, 2017.
             The game lasted 01:50:52 (14927 turns).

Reeggar the Slicer (Demonspawn Artificer)          Turns: 14927, Time: 01:50:53

Health: -9/80      AC: 17    Str: 12    XL:     11   Next: 2%
Magic:  20/20      EV:  4    Int: 14    God:    Makhleb [****..]
Gold:   100        SH:  0    Dex: 14    Spells: 13/22 levels left

rFire    + . .     SeeInvis .   f - +2 rapier (venom)
rCold    . . .     Gourm    .   (no shield)
rNeg     + . .     Faith    .   x - +0 plate armour
rPois    .         Spirit   .   (helmet restricted)
rElec    .         Reflect  .   j - +0 cloak
rCorr    .         Harm     +   C - +0 pair of gloves
MR       .....                  (no boots)
Stlth    ..........             n - amulet of harm
Regen    0.3/turn               y - +2 ring of slaying
MPRegen  0.2/turn               B - ring of positive energy

@: no status effects
A: antennae 2, talons 1, molten scales 1, blurry vision 1, fire resistance 1,
foul stench 1, powered by death 1, weak 1, rot immunity
a: Minor Destruction, Lesser Servant of Makhleb, Major Destruction, Renounce
Religion


You were on level 9 of the Dungeon.
You worshipped Makhleb.
Makhleb was greatly pleased with you.
You were hungry.

You visited 2 branches of the dungeon, and saw 10 of its levels.

You collected 427 gold pieces.
You spent 327 gold pieces at shops.

Inventory:

Hand Weapons
 b - a +2 quarterstaff of chaos
 f - a +2 rapier of venom (weapon)
 h - a +6 flail of distortion
Missiles
 v - 7 silver javelins (quivered)
Armour
 j - a +0 cloak (worn)
 w - a +0 robe
 x - a +0 plate armour (worn)
 C - a +0 pair of gloves (worn)
Jewellery
 n - an amulet of harm (around neck)
 y - a +2 ring of slaying (left hand)
 B - a ring of positive energy (right hand)
 F - an uncursed amulet of rage
Wands
 c - a wand of flame (12/48)
 d - a wand of enslavement (8/24)
 e - a wand of random effects (15/48)
 r - a wand of lightning (6/15)
 z - a wand of disintegration (5/24)
 G - a wand of polymorph (8/24)
Scrolls
 m - a scroll of remove curse
 D - a scroll of fear
 E - a scroll of teleportation
Potions
 g - a potion of lignification
 i - a potion of brilliance
 l - 3 potions of cancellation
 o - 2 potions of flight
 p - a potion of invisibility
 q - a potion of magic
Books
 s - a book of Minor Magic

   Spells                             Type                      Level
   a - Magic Dart                     Conjuration                  1
   b - Blink                          Translocation                2
   c - Call Imp                       Summoning                    2
   d - Slow                           Hexes                        2
   e - Conjure Flame                  Conjuration/Fire             3
   f - Mephitic Cloud                 Conjuration/Poison/Air       3
Comestibles
 a - 11 fruits
 k - 6 royal jellies
 t - 4 bread rations
 u - 2 meat rations
 A - 2 chunks of flesh


   Skills:
 + Level 5.4 Fighting
 + Level 8.1 Short Blades
 * Level 3.2 Throwing
 + Level 6.7 Armour
 + Level 3.3 Dodging
 + Level 1.5 Stealth
 * Level 6.1 Spellcasting
 * Level 6.2 Conjurations
 + Level 2.6 Invocations
 + Level 4.3 Evocations


You had 13 spell levels left.
You knew the following spells:

 Your Spells              Type           Power        Failure   Level  Hunger
a - Magic Dart            Conj           ###.         80%         1    None
b - Call Imp              Summ           #.......     100%        2    #......
c - Conjure Flame         Conj/Fire      ##......     100%        3    ###....
d - Mephitic Cloud        Conj/Pois/Air  ##......     100%        3    ###....


Dungeon Overview and Level Annotations

Branches:
Dungeon (9/15)             Temple (1/1) D:5
   Lair: D:8-11         Orc: D:9-12

Altars:
Ashenzari
Cheibriados
Dithmenos
Elyvilon
Fedhas
Gozag
Hepliaklqana
Kikubaaqudgha
Makhleb
Nemelex Xobeh
Okawaru
Qazlal
Ru
Sif Muna
Trog
Uskayaw
Vehumet
Xom
Yredelemnul
Zin
The Shining One

Shops:
D:4 (   D:5 !   D:7 *   D:8 [


Innate Abilities, Weirdness & Mutations

You have a pair of antennae on your head.
You are partially covered in molten scales. (AC +2)
You may emit foul miasma when damaged in melee.
You regenerate a little health from kills.
You are immune to rotting.
You have sharp toenails.
Scrolls take you a little longer to read.
Your flesh is heat resistant. (rF+)
You are weak. (Str -2)


Message History

Your plate armour prevents you from hitting the crimson imp.
The crimson imp blinks!
Found 15 gold pieces.
You see here a scroll of remove curse.
The crimson imp blinks!
A two-headed ogre comes into view. It is wielding two giant clubs.
The two-headed ogre shouts in stereo!
The crimson imp blinks!
The crimson imp picks up a beetle and eats it.
You see here a scroll of remove curse.
The crimson imp blinks!
The two-headed ogre hits you with a giant club!!
The two-headed ogre looks sick.
The two-headed ogre hits you with a giant club!
You hit the two-headed ogre.
The two-headed ogre is poisoned.
The two-headed ogre is lightly wounded.
The two-headed ogre hits you with a giant club!!
* * * LOW HITPOINT WARNING * * *
The two-headed ogre hits you with a giant club!
You die...

#####.##...##
..>.........##### #
###.............#.#
##....##..###...#.#
..................# ###
)#.....#..###...####....
)##.#..#................
.##.#.......<...........
.##.##.#.#####.?@##....
#.#.##.#.#####..O###...
.##.##.#...........{..#
###.# #######.ยง.####..
.... .........# ....
.#####.#.# ###. #>..#
$.... ###. ### .##


You could see a two-headed ogre.

Vanquished Creatures
  Erica (D:8)
  2 two-headed ogres
  A centaur skeleton (D:7)
  The ghost of ANON1729 the Firebug, a novice OpFE of Sif Muna (D:4)
  4 yaks (D:8)
  A human (D:8)
  4 hogs (D:8)
  A steam dragon (D:8)
  Edmund (D:4)
  Menkaure (D:6)
  An ice beast (D:2)
  2 sky beasts
  A necrophage (D:7)
  3 phantoms
  3 black bears
  2 orc warriors (D:7)
  2 ogres
  4 centaurs
  A big kobold (D:7)
  2 bullfrogs
  A gnoll sergeant (D:7)
  A water moccasin zombie (D:7)
  2 scorpions
  2 howler monkeys (D:7)
  3 crimson imps
  A bullfrog zombie (D:7)
  5 hounds
  7 orc priests
  3 jellies
  A gnoll shaman (D:7)
  2 bullfrog skeletons
  3 iguanas
  Crazy Yiuf (D:4)
  7 orc wizards
  9 worker ants
  A killer bee zombie (D:8)
  A hound zombie (D:6)
  A hound skeleton (D:8)
  8 adders
  10 gnolls (D:7)
  7 river rats (D:6)
  4 shadow imps
  3 oozes
  3 adder skeletons
  4 worms
  3 dart slugs
  4 leopard geckos
  33 orcs
  6 bats
  11 giant cockroaches
  6 goblins
  9 hobgoblins
  18 jackals
  11 kobolds
  11 quokkas
  A ball python (D:2)
  7 frilled lizards
  A giant cockroach zombie (D:6)
  A jackal skeleton (D:4)
  A quokka zombie (D:6)
  22 rats
  3 fungi (D:4)
  2 plants (Temple)
278 creatures vanquished.

Vanquished Creatures (others)
  2 centaurs (D:8)
  A worker ant (D:8)
  An orc wizard (D:7)
4 creatures vanquished.

Grand Total: 282 creatures vanquished

Notes
Turn   | Place    | Note
-------+----------+-------------------------------------------
     0 | D:1      | Reeggar the Demonspawn Artificer began the quest for the Orb.
     0 | D:1      | Reached XP level 1. HP: 15/15 MP: 3/3
   651 | D:1      | Reached skill level 1 in Short Blades
   862 | D:1      | Gained mutation: You are immune to rotting. [demonic ancestry]
   862 | D:1      | Reached XP level 2. HP: 14/21 MP: 4/4
  1535 | D:2      | Reached skill level 1 in Armour
  1535 | D:2      | Gained mutation: You have a pair of small antennae on your head. [demonic ancestry]
  1535 | D:2      | Reached XP level 3. HP: 22/26 MP: 5/5
  1969 | D:2      | Reached skill level 1 in Stealth
  2635 | D:3      | Learned a level 1 spell: Magic Dart
  2683 | D:3      | Gained mutation: You regenerate a little health from kills. [demonic ancestry]
  2683 | D:3      | Reached XP level 4. HP: 24/32 MP: 3/6
  3622 | D:3      | Noticed an ice beast
  3642 | D:2      | Killed an ice beast
  3642 | D:2      | Reached skill level 2 in Short Blades
  3642 | D:2      | Reached skill level 1 in Spellcasting
  3642 | D:2      | Reached skill level 1 in Conjurations
  3642 | D:2      | Reached XP level 5. HP: 17/38 MP: 7/7
  4660 | D:4      | Gained mutation: You may emit foul miasma when damaged in melee. [demonic ancestry]
  4660 | D:4      | Reached XP level 6. HP: 43/44 MP: 8/8
  5285 | D:4      | Found a burning altar of Makhleb.
  5306 | D:4      | Reached skill level 3 in Short Blades
  5310 | D:4      | Became a worshipper of Makhleb the Destroyer
  5336 | D:4      | Found Suynk's Antique Weapon Emporium.
  5358 | D:4      | Bought a runed rapier for 140 gold pieces
  5543 | D:4      | Noticed ANON1729's ghost (novice OpFE)
  5562 | D:4      | Killed ANON1729's ghost
  5562 | D:4      | Gained mutation: You have a pair of antennae on your head. [demonic ancestry]
  5562 | D:4      | Reached XP level 7. HP: 16/51 MP: 10/10
  5913 | D:4      | Found a blossoming altar of Fedhas.
  5970 | D:4      | Noticed Edmund
  6019 | D:4      | Reached skill level 4 in Short Blades
  6054 | D:4      | Killed Edmund
  6086 | D:4      | Gained mutation: Your flesh is heat resistant. (rF+) [potion of mutation]
  6086 | D:4      | Gained mutation: You are weak. (Str -2) [potion of mutation]
  6086 | D:4      | Gained mutation: Scrolls take you a little longer to read. [potion of mutation]
  6086 | D:4      | Gained mutation: You have sharp toenails. [potion of mutation]
  6569 | D:4      | Reached XP level 8. HP: 50/58 MP: 12/12
  6929 | D:4      | Found a runed door.
  6933 | D:4      | Noticed Crazy Yiuf
  6947 | D:4      | Killed Crazy Yiuf
  7173 | D:5      | Entered Level 5 of the Dungeon
  7384 | D:5      | Found a white marble altar of Elyvilon.
  7384 | D:5      | Found a glowing silver altar of Zin.
  7384 | D:5      | Found a shimmering altar of Xom.
  7483 | D:5      | Learned a level 2 spell: Call Imp
  7487 | D:5      | Learned a level 3 spell: Conjure Flame
  7492 | D:5      | Learned a level 3 spell: Mephitic Cloud
  7550 | D:5      | Found a staircase to the Ecumenical Temple.
  7582 | Temple   | Entered the Ecumenical Temple
  8591 | D:5      | Found Jyask's Distillery.
  8613 | D:5      | Found a sacrificial altar of Ru.
  8645 | D:5      | Bought 2 potions of curing for 90 gold pieces
  9042 | D:6      | Noticed Menkaure
  9045 | D:6      | Reached * piety under Makhleb
  9054 | D:6      | Killed Menkaure
  9054 | D:6      | Reached skill level 5 in Short Blades
  9132 | D:6      | Found a shadowy altar of Dithmenos.
 10288 | D:6      | Reached XP level 9. HP: 64/64 MP: 14/14
 10290 | D:6      | Reached ** piety under Makhleb
 10636 | D:7      | Reached skill level 6 in Short Blades
 10904 | D:7      | Reached skill level 5 in Armour
 11036 | D:7      | Reached skill level 1 in Invocations
 11555 | D:7      | Reached *** piety under Makhleb
 11883 | D:7      | Found Bamakhlek's General Store.
 11893 | D:7      | Bought a potion of curing for 39 gold pieces
 11893 | D:7      | Bought 3 fruits for 58 gold pieces
 12381 | D:7      | Reached skill level 1 in Throwing
 12381 | D:7      | Reached skill level 5 in Conjurations
 12665 | D:8      | Reached skill level 5 in Spellcasting
 12669 | D:8      | Noticed Erica
 12680 | D:8      | Killed Erica
 12680 | D:8      | Reached skill level 7 in Short Blades
 12680 | D:8      | Gained mutation: You are partially covered in molten scales. (AC +2) [demonic ancestry]
 12680 | D:8      | Reached XP level 10. HP: 73/73 MP: 17/17
 12874 | D:8      | Found Maiv's Armour Shop.
 12978 | D:8      | Noticed a two-headed ogre
 12987 | D:8      | Killed a two-headed ogre
 13186 | D:8      | Found a glowing golden altar of the Shining One.
 13759 | D:8      | Reached skill level 5 in Fighting
 14266 | D:8      | Reached **** piety under Makhleb
 14280 | D:8      | Found a hazy altar of Hepliaklqana.
 14795 | D:9      | Found a stormy altar of Qazlal.
 14851 | D:9      | Noticed a two-headed ogre
 14868 | D:9      | Killed a two-headed ogre
 14868 | D:9      | Reached skill level 8 in Short Blades
 14868 | D:9      | Reached XP level 11. HP: 41/80 MP: 20/20
 14920 | D:9      | Noticed a two-headed ogre
 14927 | D:9      | HP: 3/80 [two-headed ogre/giant club (27)]
 14927 | D:9      | Mangled by a two-headed ogre

Skill      XL: |  1  2  3  4  5  6  7  8  9 10 |
---------------+-------------------------------+-----
Short Blades   | 1 2 3 4 5 7 8 |  8.1
Armour         | 1 2 3 4 6 |  6.7
Dodging        | 2 3 |  3.3
Stealth        | 1 |  1.5
Spellcasting   | 1 2 3 5 6 |  6.1
Conjurations   | 1 2 4 5 6 |  6.2
Fighting       | 2 3 4 5 |  5.4
Evocations     | 4 |  4.3
Invocations    | 1 2 |  2.6
Throwing       | 1 3 |  3.2

Action                   |  1- 3 |  4- 6 |  7- 9 | 10-12 || total
-------------------------+-------+-------+-------+-------++-------
Melee: Short sword       |   182 |    24 |       |       ||   206
       Dagger            |       |   291 |       |       ||   291
       Rapier            |       |    18 |   501 |   194 ||   713
       Kick              |       |       |   135 |    56 ||   191
 Cast: Magic Dart        |       |       |    36 |       ||    36
Invok: Minor Destruction |       |       |     8 |     1 ||     9
Evoke: Wand              |     3 |    19 |    17 |     6 ||    45
  Use: Scroll            |       |     7 |     6 |     3 ||    16
       Potion            |       |     1 |    14 |     3 ||    18
  Eat: Bread ration      |     1 |     2 |       |       ||     3
       Chunk             |       |     4 |    13 |     2 ||    19
       Meat ration       |       |       |     2 |       ||     2
       Fruit             |       |       |     3 |     1 ||     4
Armor: Leather armour    |    37 |       |       |       ||    37
       Chain mail        |    25 |   189 |   216 |       ||   430
       Skin              |       |       |    86 |       ||    86
       Plate armour      |       |       |    11 |   139 ||   150
Dodge: Dodged            |   143 |   104 |   151 |    49 ||   447
